 Dungeon Crawl Stone Soup version 0.31-a0-182-gc5ef74bbde (webtiles) character file.

Game seed: 803017220020429920

714 qw the Chopper (level 7, -2/43 HPs)
             Began as a Gargoyle Fighter on June 20, 2023.
             Slain by a wyvern (10 damage)
             ... on level 8 of the Dungeon.
             The game lasted 00:01:49 (3811 turns).

qw the Chopper (Gargoyle Fighter)                   Turns: 3811, Time: 00:01:50

Health: -2/43      AC: 13    Str: 21    XL:     7   Next: 69%
Magic:  7/7        EV: 10    Int:  9    God:
Gold:   290        SH:  4    Dex:  9    Spells: 6/6 levels left

rFire   + . .        Y - +0 war axe
rCold   + . .        c - +0 buckler
rNeg    + . .        b - +0 scale mail
rPois   inf          n - +0 helmet
rElec   +            j - scarf {rC+ rF+}
rCorr   .            (no gloves)
SInv    .            e - +0 pair of boots
Will    .....        i - amulet of faith Stlth
                     (no ring)
HPRegen 0.27/turn    (no ring)
MPRegen 0.10/turn

%: faith
@: no status effects
A: sickness immunity, AC +4, negative energy resistance 1, electricity
resistance, torment resistance 1, petrification resistance
a: no special abilities


You were on level 8 of the Dungeon.
You visited 2 branches of the dungeon, and saw 7 of its levels.

You collected 290 gold pieces.


Innate Abilities, Weirdness & Mutations

You are immune to sickness and miasma.
Your stone body is resilient. (AC +4)
You are immune to poison.
You resist negative energy. (rN+)
You are resistant to electric shocks. (rElec)
You are resistant to unholy torment.
You are immune to petrification.


   Skills:
 - Level 4.2 Fighting
 + Level 6.7 Axes
 - Level 1.0 Throwing
 - Level 3.2 Armour
 - Level 2.1 Dodging
 - Level 3.2 Shields


You had 6 spell levels left.
You didn't know any spells.
Your spell library was empty.

Inventory:

Hand Weapons
 k - a +1 flail of protection
 Y - a +0 war axe (weapon)
Armour
 b - a +0 scale mail (worn)
 c - a +0 buckler (worn)
 e - a +0 pair of boots (worn)
 j - a scarf of resistance (worn)
 n - a +0 helmet (worn)
Jewellery
 i - an amulet of faith (around neck)
Scrolls
 a - 2 scrolls of teleportation
 g - a scroll of identify
Potions
 d - 5 potions of might
 f - a potion of lignification
 h - a potion of heal wounds
 l - a potion of resistance
 m - a potion of haste
 o - a potion of mutation {unknown}
 p - a potion of brilliance {unknown}

Dungeon Overview and Level Annotations

Branches:
Dungeon (5/15)             Temple (1/1) D:4            Lair (0/5) D:8

Altars:
Ashenzari
Cheibriados
Dithmenos
Elyvilon
Hepliaklqana
Kikubaaqudgha
Nemelex Xobeh
Qazlal
Ru
Sif Muna
Vehumet
Wu Jian
Xom
Zin
The Shining One

Shops:
D:1 [

Annotations:
D:1 exclusion: 2 bats


Message History

The water moccasin bites the plant!
The plant begins to die.
The water moccasin bites you but does no damage.
You hit the wyvern but do no damage.
The wyvern is heavily wounded.
You closely miss the basilisk. You hit the water moccasin. You hit the wyvern.
The wyvern bites you!
The wyvern bites something!
You block the wyvern's attack.
The basilisk bites you but does no damage.
The water moccasin bites the plant!
You block the wyvern's attack.
The wyvern bites you but does no damage.
The wyvern bites something!
A wyvern comes into view.
The basilisk bites you but does no damage.
The water moccasin bites the plant!
The water moccasin bites the plant.
The yak gores the plant!
You closely miss the wyvern.
The wyvern is heavily wounded.
You hit the yak but do no damage. You closely miss the wyvern.
You miss the basilisk.
The wyvern bites you but does no damage.
The wyvern bites something.
The wyvern barely misses you.
The water moccasin bites the plant.
The water moccasin bites the plant!
The wyvern hisses menacingly.
The wyvern bites you but does no damage.
You block the wyvern's attack.
The yak gores the plant.
The basilisk bites you but does no damage.
The yak closely misses you.
You closely miss the wyvern.
The wyvern is heavily wounded.
You barely miss the basilisk. You hit the yak. You slash the wyvern!
The water moccasin bites the plant.
The wyvern bites you.
The water moccasin completely misses the plant.
You block the wyvern's attack. The yak gores you.
The water moccasin bites the plant.
You block the basilisk's attack. The wyvern misses you.
The water moccasin bites the plant.
The wyvern bites you but does no damage.
You barely miss the wyvern.
The wyvern is heavily wounded.
You hit the basilisk. You hit the yak. You hit the wyvern.
A nearby plant withers and dies. x2; The wyvern bites you.
The wyvern bites you!
You die...

#########.#
..........##
...........#
...........#
...........#
..######...#
#...# #...+
#@l.#


..SSYSYll.# ...7.S.l..+ ........# ...P7...#.# >.....P.#.# ....7.....#
P7......### You could see 2 yaks, a basilisk, 4 water moccasins and 3 wyverns.

Vanquished Creatures
  An ice beast (D:4)
  A black bear (D:4)
  2 kobold brigands (D:4)
  3 scorpions
  A howler monkey (D:4)
  Jessica (D:3)
  An orc wizard (D:4)
  5 adders
  An ufetubus (D:4)
  2 worms
  A dart slug (D:3)
  2 orcs (D:4)
  8 endoplasms
  4 goblins
  14 hobgoblins
  10 jackals (D:1)
  2 quokkas
  8 ball pythons
  5 bats
  A frilled lizard (D:2)
  9 kobolds
  A rat (D:1)
83 creatures vanquished.

Notes
Turn   | Place    | Note
-------+----------+-------------------------------------------
     0 | D:1      | qw the Gargoyle Fighter began the quest for the Orb.
     0 | D:1      | Reached XP level 1. HP: 14/14 MP: 1/1
     0 | D:1      | 0 ||| qw: Version: 0.3-a-9-g12657ce
     0 | D:1      | 0 ||| qw: Game counter: 1259
     0 | D:1      | 0 ||| qw: Always use a shield: true
     0 | D:1      | 0 ||| qw: God list: Okawaru
     0 | D:1      | 0 ||| qw: Allow faded altars: false
     0 | D:1      | 0 ||| qw: Do Orc after D:15 true
     0 | D:1      | 0 ||| qw: Do second Lair branch before Depths: true
     0 | D:1      | 0 ||| qw: Lair rune preference: random
     0 | D:1      | 0 ||| qw: Plans: Normal, Zot:1-4, Slime:5, God:TSO, Crypt,
                  | Tomb, Abyss, Pan, Hells, Win
     0 | D:1      | 0 ||| PLANNING D:1-11
    68 | D:1      | Reached skill level 2 in Axes
   124 | D:1      | Reached XP level 2. HP: 19/19 MP: 2/2
   212 | D:1      | Found Guwku's Armour Emporium.
   227 | D:1      | 227 ||| SHOPLISTING +0 cloak (49 gold, have 24).
   227 | D:1      | 227 ||| SHOPLISTING +3 leather armour of cold resistance
                  | (264 gold, have 24).
   227 | D:1      | 227 ||| READING scroll labelled XYPSEO OCKIBO.
   340 | D:1      | Reached skill level 3 in Axes
   431 | D:1      | 431 ||| Stepping ~*~*~tactically~*~*~ (hiding).
   439 | D:1      | Reached XP level 3. HP: 22/23 MP: 3/3
   658 | D:1      | 658 ||| Stepping ~*~*~tactically~*~*~ (stealth).
   672 | D:1      | 672 ||| DROPPING +0 club.
  1051 | D:1      | 1051 ||| UPGRADING to +0 pair of boots.
  1056 | D:1      | 1056 ||| READING 3 scrolls labelled WUKKEC JUAT.
  1174 | D:2      | Found an ancient bone altar of Kikubaaqudgha.
  1243 | D:2      | 1243 ||| Stepping ~*~*~tactically~*~*~ (hiding).
  1245 | D:2      | 1245 ||| Stepping ~*~*~tactically~*~*~ (hiding).
  1253 | D:2      | Reached skill level 1 in Throwing
  1530 | D:2      | Reached XP level 4. HP: 26/28 MP: 4/4
  1766 | D:2      | 1766 ||| READING scroll labelled ILOS CAOPYA.
  1767 | D:2      | 1767 ||| READING scroll labelled ZEMUBOO EBBEI.
  1768 | D:2      | 1768 ||| READING scroll labelled OFIN COAXOETWO.
  1819 | D:3      | Found a shimmering altar of Xom.
  1882 | D:3      | 1882 ||| DROPPING +0 mace.
  1899 | D:3      | Found a faded altar of an unknown god.
  1941 | D:3      | 1941 ||| Stepping ~*~*~tactically~*~*~ (stealth).
  2067 | D:3      | Noticed Jessica
  2068 | D:3      | 2068 ||| Stepping ~*~*~tactically~*~*~ (hiding).
  2076 | D:3      | Killed Jessica
  2077 | D:3      | Reached skill level 4 in Axes
  2098 | D:3      | Found a white marble altar of Elyvilon.
  2257 | D:3      | 2257 ||| UPGRADING to scarf of resistance.
  2262 | D:3      | 2262 ||| UPGRADING to +0 helmet.
  2267 | D:3      | 2267 ||| UPGRADING to amulet of faith.
  2272 | D:3      | 2272 ||| DRINKING 2 metallic white potions.
  2273 | D:3      | 2273 ||| READING 4 scrolls of identify.
  2273 | D:3      | 2273 ||| IDENTIFYING golden potion
  2274 | D:3      | 2274 ||| READING 3 scrolls of identify.
  2274 | D:3      | 2274 ||| IDENTIFYING puce potion
  2275 | D:3      | 2275 ||| DROPPING potion of ambrosia.
  2352 | D:3      | 2352 ||| Stepping ~*~*~tactically~*~*~ (hiding).
  2353 | D:3      | 2353 ||| Stepping ~*~*~tactically~*~*~ (hiding).
  2552 | D:4      | Reached XP level 5. HP: 30/32 MP: 5/5
  2566 | D:4      | Found a glowing silver altar of Zin.
  2609 | D:4      | 2609 ||| Stepping ~*~*~tactically~*~*~ (stealth).
  2611 | D:4      | 2611 ||| Stepping ~*~*~tactically~*~*~ (stealth).
  2615 | D:4      | 2615 ||| FLEEEEING.
  2663 | D:4      | 2663 ||| READING scroll labelled ZAM DUMULILI.
  2672 | D:4      | Noticed a kobold brigand
  2673 | D:4      | 2673 ||| Stepping ~*~*~tactically~*~*~ (hiding).
  2674 | D:4      | Noticed a kobold brigand
  2687 | D:4      | Killed a kobold brigand
  2688 | D:4      | Reached skill level 5 in Axes
  2698 | D:4      | Killed a kobold brigand
  2699 | D:4      | Reached XP level 6. HP: 28/38 MP: 6/6
  2932 | D:4      | Noticed an ice beast
  2952 | D:4      | Killed an ice beast
  2973 | D:4      | Reached XP level 7. HP: 24/43 MP: 7/7
  2973 | D:4      | 2973 ||| FLEEEEING.
  2976 | D:4      | 2976 ||| FLEEEEING.
  2977 | D:4      | 2977 ||| FLEEEEING.
  2978 | D:4      | 2978 ||| FLEEEEING.
  2979 | D:4      | 2979 ||| FLEEEEING.
  2980 | D:4      | 2980 ||| FLEEEEING.
  2981 | D:4      | 2981 ||| FLEEEEING.
  2982 | D:4      | 2982 ||| FLEEEEING.
  2983 | D:4      | 2983 ||| FLEEEEING.
  2984 | D:4      | 2984 ||| FLEEEEING.
  2985 | D:4      | 2985 ||| FLEEEEING.
  2986 | D:4      | 2986 ||| FLEEEEING.
  2987 | D:4      | 2987 ||| FLEEEEING.
  2987 | D:4      | HP: 9/43 [something/magic dart (4)]
  2988 | D:4      | 2988 ||| FLEEEEING.
  2989 | D:4      | 2989 ||| FLEEEEING.
  2990 | D:4      | 2990 ||| FLEEEEING.
  2991 | D:4      | 2991 ||| FLEEEEING.
  2992 | D:4      | 2992 ||| FLEEEEING.
  2993 | D:4      | 2993 ||| FLEEEEING.
  2994 | D:4      | 2994 ||| FLEEEEING.
  2995 | D:4      | 2995 ||| FLEEEEING.
  2996 | D:4      | 2996 ||| FLEEEEING.
  2997 | D:4      | 2997 ||| FLEEEEING.
  2998 | D:4      | 2998 ||| FLEEEEING.
  2999 | D:4      | 2999 ||| FLEEEEING.
  3000 | D:4      | 3000 ||| FLEEEEING.
  3001 | D:4      | 3001 ||| FLEEEEING.
  3004 | D:4      | 3004 ||| FLEEEEING.
  3010 | D:4      | 3010 ||| FLEEEEING.
  3011 | D:4      | 3011 ||| FLEEEEING.
  3012 | D:4      | 3012 ||| FLEEEEING.
  3019 | D:4      | 3019 ||| FLEEEEING.
  3020 | D:4      | 3020 ||| FLEEEEING.
  3021 | D:4      | 3021 ||| FLEEEEING.
  3022 | D:4      | 3022 ||| FLEEEEING.
  3023 | D:4      | 3023 ||| FLEEEEING.
  3024 | D:4      | 3024 ||| FLEEEEING.
  3025 | D:4      | 3025 ||| FLEEEEING.
  3026 | D:4      | 3026 ||| FLEEEEING.
  3027 | D:4      | 3027 ||| FLEEEEING.
  3028 | D:4      | 3028 ||| FLEEEEING.
  3029 | D:4      | 3029 ||| FLEEEEING.
  3030 | D:4      | 3030 ||| FLEEEEING.
  3205 | D:4      | Found a staircase to the Ecumenical Temple.
  3206 | D:4      | 3206 ||| PLANNING TEMPLE
  3227 | D:4      | 3227 ||| READING 3 scrolls of identify.
  3227 | D:4      | 3227 ||| IDENTIFYING fuming inky potion
  3228 | D:4      | 3228 ||| READING 2 scrolls of identify.
  3228 | D:4      | 3228 ||| IDENTIFYING coppery potion
  3244 | Temple   | Entered the Ecumenical Temple
  3373 | Temple   | 3373 ||| PLANNING D:1-11
  3487 | D:4      | Reached skill level 6 in Axes
  3748 | D:5      | Entered Level 5 of the Dungeon
  3798 | D:5      | You fall into a shaft and drop 3 floors!
  3801 | D:8      | Noticed a yak
  3801 | D:8      | Noticed a basilisk
  3802 | D:8      | Noticed a wyvern
  3802 | D:8      | Noticed a wyvern
  3803 | D:8      | Found a staircase to the Lair.
  3803 | D:8      | Noticed a yak
  3803 | D:8      | Noticed a yak
  3805 | D:8      | Noticed a wyvern
  3808 | D:8      | Noticed a wyvern
  3811 | D:8      | HP: 8/43 [wyvern (6)]
  3811 | D:8      | Slain by a wyvern

Levels and vault maps discovered:
D:1:      dpeg_arrival_leaves_temple_mockup, layout_loops_corners, serial_shops,
          nicolae_shop_statue_plus
D:2:      layout_loops_ring, basic_altar
D:3:      layout_basic, xom_teletrap_fun, elyvilon_altar_4,
          hellmonk_ecumenical_altar_run_dry, uniq_jessica
D:4:      cheibrodos_thug_alley, layout_basic, mainiacjoe_overflow_catwalk,
          temple_pool_b
D:5:      layout_loops_cross, lemuel_crystal_altar, overflow_temple_1_default,
          uniq_menkaure
D:8:      cheibrodos_wizards_tower, layout_basic, okawaru_humans,
          minmay_lair_entry_grove, uniq_grum
Temple:   chequers_temple_sunken

Skill      XL: |  1  2  3  4  5  6  7 |
---------------+----------------------+-----
Axes           | 2 3 4 5 6 |  6.7
Throwing       | 1 |  1.0
Fighting       | 4 |  4.2
Dodging        | 2 |  2.1
Armour         | |  3.2
Shields        | |  3.2

Action                     |  1- 3 |  4- 6 |  7- 9 || total
---------------------------+-------+-------+-------++-------
  Melee: War axe           |    92 |   125 |    53 ||   270
  Throw: Javelin           |    26 |    11 |       ||    37
    Use: Scroll            |     2 |     6 |     2 ||    10
         Potion            |       |     1 |       ||     1
 Armour: Scale mail        |    52 |    67 |    33 ||   152
  Dodge: Dodged            |    61 |    60 |    31 ||   152
  Block: Buckler           |    21 |    31 |    14 ||    66

Table legend:
 A = Non-vault XP
 B = Vault XP
 C = Vault XP percentage of total XP
 D = Non-vault monster count
 E = Vault monster count
 F = Vault count percentage of total count
                 A         B        C        D         E       F
            +---------+---------+-------+---------+---------+-------
      Total |     780 |     240 |  23.5 |      71 |      12 |  14.5
            +---------+---------+-------+---------+---------+-------
        D:1 |      54 |       0 |   0.0 |      31 |       0 |   0.0
        D:2 |      43 |       0 |   0.0 |      11 |       0 |   0.0
        D:3 |      19 |      37 |  66.1 |       9 |       1 |  10.0
        D:4 |     584 |     203 |  25.8 |      19 |      11 |  36.7
        D:5 |      80 |       0 |   0.0 |       1 |       0 |   0.0
            +---------+---------+-------+---------+---------+-------
